 Dungeon Crawl Stone Soup version 0.29-a0-722-g64f5989226 (webtiles) character file.

Game seed: 5926012482706695319

3984 SlightEye the Thaumaturge (level 10, -8/60 HPs)
             Began as a Djinni Conjurer on June 28, 2022.
             Mangled by a two-headed ogre
             ... wielding a +0 giant spiked club
              (31 damage)
             ... on level 7 of the Dungeon.
             The game lasted 00:59:19 (9773 turns).

SlightEye the Thaumaturge (Djinni Conjurer)         Turns: 9773, Time: 00:59:19

Health: -8/60      AC: 10    Str:  6    XL:     10   Next: 46%
Gold:   324        EV: 17    Int: 23    God:
                   SH:  0    Dex: 19

rFire   + + +      SeeInvis .   i - staff of air
rCold   x . .      Faith    .   (no shield)
rNeg    . . .      Spirit   .   q - +2 leather armour {rF+}
rPois   ∞          Reflect  .   (no helmet)
rElec   +          Harm     .   s - +0 cloak
rCorr   .          Rampage  .   (no gloves)
Will    +....                   (boots unavailable)
Stlth   ++........              (no amulet)
HPRegen 0.20/turn               r - +4 ring of protection
MPRegen 0.00/turn               x - +6 ring of dexterity

@: liquefying, flying, slowed movement, very slow
A: sickness immunity, fire resistance 2, cold vulnerability 1, float, innate
caster, HP casting, extra vitality 1
a: no special abilities


You were on level 7 of the Dungeon.
You visited 2 branches of the dungeon, and saw 8 of its levels.

You collected 324 gold pieces.

Inventory:

Missiles
 B - 2 throwing nets
Armour
 e - the +8 chain mail of Gihaotsapt {rElec rC+ Regen+ Str-3}
   (You found it on level 5 of the Dungeon)

   Str:       It affects your strength (-3).
   rC:        It protects you from cold.
   rElec:     It insulates you from electricity.
   Regen:     It increases your rate of health regeneration.
 q - a +2 leather armour of fire resistance (worn)
 s - a +0 cloak (worn)
Magical Staves
 i - a staff of air (weapon)
 t - a staff of fire
Jewellery
 a - an amulet of faith
 r - a +4 ring of protection (left hand)
 x - a +6 ring of dexterity (right hand)
 A - a ring of wizardry
Wands
 p - a wand of flame (5)
 z - a wand of polymorph (6)
Scrolls
 c - 2 scrolls of enchant weapon
 d - 2 scrolls of silence
 k - 2 scrolls of enchant armour
 n - 3 scrolls of fog
 u - a scroll of vulnerability
 y - a scroll of immolation
 D - a scroll of identify
Potions
 b - 3 potions of magic {unknown}
 f - 2 potions of lignification {unknown}
 g - 4 potions of might {unknown}
 h - 2 potions of brilliance {unknown}
 j - 3 potions of flight {unknown}
 l - 5 potions of attraction
 m - a potion of heal wounds {unknown}
 o - 2 potions of curing {unknown}
 v - a potion of haste {unknown}
 w - a potion of resistance {unknown}
 C - a potion of degeneration {unknown}


   Skills:
 + Level 9.4 Dodging
 - Level 1.5 Stealth
 * Level 9.8 Spellcasting


You had 4 spell levels left.
You knew the following spells:

 Your Spells              Type           Power      Damage    Failure   Level
a - Magic Dart            Conj           100%       1d8       1%          1
b - Searing Ray           Conj           100%       2d8       1%          2
c - Dazzling Flash        Conj/Hex       100%       N/A       1%          3
d - Fulminant Prism       Conj/Hex       27%        3d14      1%          4
e - Iskenderun's Mystic   Conj/Tloc      54%        2d12      1%          4
f - Necrotize             Necr           100%       1d9       1%          1
g - Passwall              Tmut/Erth      45%        N/A       1%          2
h - Spider Form           Tmut/Pois      54%        N/A       1%          3
i - Leda's Liquefaction   Hex/Erth       27%        N/A       1%          4
Your spell library was empty.

Dungeon Overview and Level Annotations

Branches:
Dungeon (7/15)             Temple (1/1) D:4

Altars:
Ashenzari
Cheibriados
Dithmenos
Elyvilon
Kikubaaqudgha
Nemelex Xobeh
Okawaru
Qazlal
Ru
Sif Muna
Trog
Uskayaw
Zin
The Shining One

Shops:
D:1 *   D:2 [   D:3 [   D:5 (

Annotations:
D:4 2 transporters, zebulonius's ghost, novice MiMo


Innate Abilities, Weirdness & Mutations

You are immune to sickness and miasma.
You are immune to poison.
Your flesh is very heat resistant. (rF++)
You are vulnerable to cold. (rC-)
You float through the air rather than walking.
You learn spells naturally, not from books.
Your magical power is your life essence.
You have superior vitality. (+4 MHP)


Message History

The searing ray hits the orc warrior.
The orc warrior is moderately wounded.
The searing ray hits the orc warrior.
The orc warrior is heavily wounded.
You finish channelling your searing ray.
Casting: Searing Ray (safe; 1% risk of failure)
Confirm with . or Enter, or press ? or * to list all spells.
Okay, then.
Okay, then.
Unknown command.
Casting: Searing Ray (safe; 1% risk of failure)
Confirm with . or Enter, or press ? or * to list all spells.
Aiming: Fulminant Prism (dangerous; 1% risk of failure)
Press: ? - help, Dir - move target, f/p - orc warrior
Aim: an orc warrior, wielding a +0 battleaxe and wearing a +0 plate armour (heavily wounded, covering ground slowly)
Okay, then.
Casting: Fulminant Prism (dangerous; 1% risk of failure)
Confirm with . or Enter, or press ? or * to list all spells.
You erupt in a blast of force!
The mystic blast hits the orc warrior!
The orc warrior is almost dead.
The orc warrior is knocked back by the mystic blast.
You hear two shouts!
Casting: Iskenderun's Mystic Blast (dangerous; 1% risk of failure)
Confirm with . or Enter, or press ? or * to list all spells.
Aiming: Magic Dart (safe; 1% risk of failure)
Press: ? - help, Shift-Dir - straight line, f/p - orc warrior
Aim: an orc warrior, wielding a +0 battleaxe and wearing a +0 plate armour (almost dead, 100% to hit)
The magic dart hits the orc warrior.
You kill the orc warrior!
You start resting.
A two-headed ogre comes into view.
It is wielding a +0 giant spiked club and a +0 giant club.
There is a stone staircase leading up here.
Casting: Magic Dart (safe; 1% risk of failure)
Confirm with . or Enter, or press ? or * to list all spells.
You need to wait for the ground to become solid again.
Found a scroll of identify.
The two-headed ogre attacks as you move away!
The two-headed ogre hits you with a +0 giant spiked club!!
Ouch! That really hurt!
You die...

.........#.......#..
........##.......#..
...)....#...........
?
....)..............
.. #..............#
... #..............#
....
##.#........#.....
#...........(.#
##.......O@...#
#...........##
##.......#####
#.......##
#........#
#...##..##
#####....# #....#
###.##


You could see a two-headed ogre.

Vanquished Creatures
  Pikel (D:5)
  Maggie (D:6)
  The ghost of paps the Caller, a novice OpSu (D:5)
  Eustachio (D:5)
  A water moccasin (D:5)
  Edmund (D:6)
  An orc warrior (D:7)
  A sky beast (D:6)
  3 ogres (D:6)
  A black bear (D:4)
  A centaur (D:7)
  A lemure (D:5)
  2 phantoms (D:5)
  Blork the orc (D:6)
  A kobold brigand (D:7)
  2 bullfrogs
  3 necrophages
  A scorpion (D:6)
  A gnoll sergeant (D:6)
  5 wights (D:6)
  Dowan (D:6)
  A howler monkey (D:6)
  2 electric eels (D:3)
  3 quasits
  2 hounds
  5 jellies
  Crazy Yiuf (D:3)
  3 iguanas
  3 orc wizards
  4 gnolls (D:6)
  8 adders
  6 shadow imps
  2 white imps
  An ufetubus (D:4)
  2 dart slugs
  16 orcs
  11 ball pythons
  A bat (D:1)
  8 endoplasms
  3 giant cockroaches (D:1)
  9 goblins
  6 hobgoblins
  14 kobolds
  3 quokkas
  12 frilled lizards
  4 rats
  2 rat zombies (D:6)
163 creatures vanquished.

Vanquished Creatures (collateral kills)
  Duvessa (D:6)
  An iguana (D:6)
2 creatures vanquished.

Vanquished Creatures (others)
  A demonic plant (D:4)
  11 fulminant prisms
  12 fungi (D:6)
  11 plants
  2 toadstools (D:6)
37 creatures vanquished.

Grand Total: 202 creatures vanquished

Notes
Turn   | Place    | Note
-------+----------+-------------------------------------------
     0 | D:1      | SlightEye the Djinni Conjurer began the quest for the Orb.
     0 | D:1      | SlightEye set off with the following spells memorised:
                  | Magic Dart, Searing Ray, Dazzling Flash, Fulminant Prism,
                  | Iskenderun's Mystic Blast.
     0 | D:1      | Reached XP level 1. HP: 15/15 MP: 0/0
   326 | D:1      | Reached XP level 2. HP: 18/21 MP: 0/0
   577 | D:1      | Found Mostun's Assorted Antiques.
   905 | D:1      | Reached XP level 3. HP: 22/25 MP: 0/0
   905 | D:1      | Learned a level 1 spell: Necrotize
  2147 | D:2      | Found Arupnimi's Armour Emporium.
  2171 | D:2      | Reached XP level 4. HP: 24/31 MP: 0/0
  3213 | D:3      | Found a faded altar of an unknown god.
  3223 | D:3      | Reached XP level 5. HP: 34/35 MP: 0/0
  3223 | D:3      | Learned a level 2 spell: Passwall
  3256 | D:3      | Found a transporter.
  3261 | D:3      | Found a transporter.
  3626 | D:3      | Reached XP level 6. HP: 32/40 MP: 0/0
  3927 | D:3      | Found Hepyafy's Armour Shop.
  4098 | D:3      | Found a runed translucent door.
  4099 | D:3      | Noticed Crazy Yiuf
  4256 | D:3      | Killed Crazy Yiuf
  4257 | D:3      | Reached skill level 5 in Spellcasting
  4585 | D:4      | Found a staircase to the Ecumenical Temple.
  4640 | Temple   | Entered the Ecumenical Temple
  4896 | D:4      | Noticed zebulonius's ghost (novice MiMo)
  4897 | D:4      | Found a transporter.
  4897 | D:4      | Noticed an ogre
  4899 | D:4      | Noticed an ogre
  4902 | D:4      | Found a transporter.
  5106 | D:4      | Reached XP level 7. HP: 40/45 MP: 0/0
  5106 | D:4      | Learned a level 3 spell: Spider Form
  5483 | D:4      | Reached skill level 5 in Dodging
  5663 | D:4      | Found a snail-covered altar of Cheibriados.
  5855 | D:5      | Entered Level 5 of the Dungeon
  5941 | D:5      | Noticed a water moccasin
  5944 | D:5      | Killed a water moccasin
  5997 | D:5      | Noticed paps's ghost (novice OpSu)
  6007 | D:5      | Found a transporter.
  6046 | D:5      | Identified the +8 chain mail of Gihaotsapt {rElec rC+
                  | Regen+ Str-3}
  6088 | D:5      | Reached XP level 8. HP: 43/50 MP: 0/0
  6153 | D:5      | Found a transporter.
  6491 | D:5      | Noticed Pikel
  6497 | D:5      | Killed Pikel
  6514 | D:5      | Noticed Eustachio
  6519 | D:5      | Killed Eustachio
  6520 | D:5      | Reached XP level 9. HP: 37/55 MP: 0/0
  6520 | D:5      | Learned a level 4 spell: Leda's Liquefaction
  6539 | D:5      | Found Joebb's Weapon Boutique.
  7112 | D:5      | Killed paps's ghost
  7295 | D:6      | Noticed Dowan
  7297 | D:6      | Noticed Duvessa
  7324 | D:6      | Killed Dowan
  7347 | D:6      | Killed Duvessa
  8329 | D:6      | Reached XP level 10. HP: 55/60 MP: 0/0
  8518 | D:6      | Noticed Edmund
  8541 | D:6      | Noticed Blork the orc
  8553 | D:6      | Killed Blork the orc
  8583 | D:6      | Killed Edmund
  9140 | D:6      | Noticed Maggie
  9151 | D:6      | Killed Maggie
  9521 | D:7      | Noticed an eight-headed hydra
  9764 | D:7      | Noticed a two-headed ogre
  9773 | D:7      | Mangled by a two-headed ogre

Illustrated notes

Levels and vault maps discovered:
D:1:      elethiomel_arrival_infinity_welcomes_careful_drivers,
          layout_loops_ring, serial_shops, nicolae_shop_hallway_plus,
          minmay_lizard_king
D:2:      layout_basic, serial_shops, nicolae_diamond_shop,
          minmay_randomly_rotated_circles
D:3:      gammafunk_steamed_eel, layout_rooms, serial_shops, nicolae_shop_stone,
          ebering_ecumenical_altar_ruins, uniq_crazy_yiuf_cottage
D:4:      layout_loops_ring, kennysheep_mini, temple_pool_b,
          gammafunk_ghost_smash, serial_demonic, serial_demonic_g,
          serial_demonic_g, serial_demonic_c, serial_demonic_d,
          minmay_misc_feat_roman, kennysheep_generic_room_12
D:5:      layout_loops_ring, gammafunk_ghost_stat_death, serial_shops,
          nicolae_shop_behind_doors, bh_walls_and_bars, uniq_eustachio,
          uniq_pikel
D:6:      minmay_recursive_quarters, layout_loops_ring,
          lemuel_zombie_altar_kikubaaqudgha, minmay_gold_behind_fungi,
          uniq_duvessa, uniq_blork_the_orc, uniq_edmund, uniq_maggie
D:7:      minmay_the_grid_octo_tiled_squarecenter
          [minmay_the_grid_octo_checkerflower, minmay_the_grid_octo_chip,
          minmay_the_grid_octo_thin_diamonds, minmay_the_grid_octo_fan_narrow,
          minmay_the_grid_square_5x5_megaprize_crossed,
          minmay_the_grid_square_5x5_checkered_sparse,
          minmay_the_grid_square_5x5_mess, minmay_the_grid_square_5x5_minivault,
          minmay_the_grid_square_5x5_one_wall], layout_cave_pools,
          minmay_overflow_temple_star_quad, general_overflow_altar, serial_park,
          minmay_microvault
Temple:   nicolae_temple_hex_pool

Skill      XL: |  1  2  3  4  5  6  7  8  9 10 |
---------------+-------------------------------+-----
Dodging        | 3 4 5 7 8 9 |  9.4
Spellcasting   | 4 5 6 7 8 9 |  9.8
Stealth        | |  1.5

Action                   |  1- 3 |  4- 6 |  7- 9 | 10-12 || total
-------------------------+-------+-------+-------+-------++-------
Melee: Unarmed           |     8 |       |       |       ||     8
       Staff             |       |     1 |       |       ||     1
 Cast: Magic Dart        |    64 |    53 |    57 |    52 ||   226
       Searing Ray       |     7 |    17 |    34 |    25 ||    83
       Necrotize         |       |     5 |       |       ||     5
       Dazzling Flash    |       |     1 |       |     1 ||     2
       Fulminant Prism   |       |     1 |     7 |     3 ||    11
       Leda's Liquefacti |       |       |     3 |     3 ||     6
       Iskenderun's Myst |       |       |     2 |     1 ||     3
  Use: Scroll            |       |     6 |     3 |       ||     9
Armor: Robe              |       |     2 |       |       ||     2
       Leather armour    |       |    11 |    21 |     5 ||    37
Dodge: Dodged            |    11 |    27 |    28 |     8 ||    74

Table legend: (Time is in decaauts)
 A = Elapsed time spent in this place.
 B = Non-inter-level travel time spent in this place.
 C = Inter-level travel time spent in this place.
 D = Time resting spent in this place.
 E = Time spent auto-exploring this place.
 F = Levels seen in this place.
 G = Mean time per level.
                   A        B        C        D        E       F      G
               +--------+--------+--------+--------+--------+-----+--------+
         Total |   9787 |   9561 |    226 |   1334 |   6711 |   8 | 1223.4 |
       Dungeon |   9573 |   9347 |    226 |   1334 |   6583 |   7 | 1367.6 |
        Temple |    214 |    214 |      0 |      0 |    128 |   1 |  214.0 |
               +--------+--------+--------+--------+--------+-----+--------+

Top non-repeatable levels by time:
     D:6: 2195 daAuts
     D:1: 1834 daAuts
     D:3: 1723 daAuts
     D:5: 1585 daAuts
     D:4: 1230 daAuts
     D:2: 850 daAuts
  Temple: 214 daAuts
     D:7: 153 daAuts
